 Dungeon Crawl Stone Soup version 0.32-a0-876-gcfddb08 (webtiles) character file.

Game seed: 4330473932827919440

119 lyrin the Caller (level 4, -1/51 HPs)
             Began as a Draconian Summoner on Mar 31, 2024.
             Slain by Natasha (6 damage)
             ... on level 2 of the Dungeon.
             The game lasted 00:03:45 (1907 turns).

lyrin the Caller (Draconian Summoner)               Turns: 1907, Time: 00:03:46

Health: -1/51      AC: 22    Str: 10    XL:     4   Next: 74%
Magic:  6/8        EV:  2    Int: 21    God:
Gold:   62         SH:  0    Dex: 14    Spells: 4/8 levels left

rFire   . . .        a - +0 dagger
rCold   . . .        (no shield)
rNeg    . . .        (body armour unavailable)
rPois   +            (helmet currently unavailable)
rElec   .            (cloak currently unavailable)
rCorr   .            (gloves currently unavailable)
SInv    .            f - melded +0 pair of boots
Will    .....        (no amulet)
Stlth   ++           p - +6 ring of intelligence
HPRegen 0.28/turn    (no ring)
MPRegen 0.11/turn

%: no passive effects
@: tree-form, slowed, very slow
A: stationary, stasis, torment immunity, boosted hp, AC +5, unfitting armour,
(cold-blooded)
a: no special abilities


You were on level 2 of the Dungeon.
You were a tree.
You visited 1 branch of the dungeon, and saw 2 of its levels.

You collected 62 gold pieces.

Inventory:

Hand Weapons
 a - a +0 dagger (weapon)
 b - a +0 sling
Armour
 f - a +0 pair of boots (melded)
Jewellery
 p - a +6 ring of intelligence (left branch)
Scrolls
 d - 2 scrolls of fear {unknown}
 g - a scroll of teleportation {unknown}
 h - a scroll of amnesia {unknown}
 i - a scroll of identify {unknown}
 l - a scroll of butterflies {unknown}
 m - a scroll of noise {unknown}
 n - a scroll of poison {unknown}
 q - a scroll of vulnerability {unknown}
Potions
 c - a potion of curing {unknown}
 e - a potion of lignification
 j - a potion of mutation {unknown}
 k - a potion of magic
 o - a potion of invisibility {unknown}


   Skills:
 + Level 0.8 Fighting
 + Level 0.1 Short Blades
 + Level 1.7 Ranged Weapons
 + Level 2.1 Dodging
 - Level 1.7 Stealth
 + Level 2.7 Spellcasting
 * Level 5.0 Summonings


You had 4 spell levels left.
You knew the following spells:

 Your Spells              Type           Power      Damage    Failure   Level
a - Summon Small Mammal   Summ           92%        N/A       1%          1
b - Call Canine Familiar  Summ           23%        N/A       5%          3

Your spell library contained the following spells:

 Spells                   Type           Power      Damage    Failure   Level
 Call Imp                 Summ           46%        N/A       2%          2
 Summon Blazeheart Golem  Fire/Summ      13%        N/A       43%         4
 Summon Lightning Spire   Summ/Air       13%        N/A       43%         4


Dungeon Overview and Level Annotations

Branches:
Dungeon (2/15)

Altars:

Annotations:
D:2 Natasha


Innate Abilities, Weirdness & Mutations

You are a tree.
Your roots penetrate the ground, keeping you stationary.
You cannot be teleported.
You are immune to unholy pain and torment.
Your maximum health is greatly increased.
Your equipment is partially melded.
((Your plain brown scales are hard. (AC +5)))
You cannot fit into any form of body armour.
((You are cold-blooded and may be slowed by cold attacks.))


Message History

Your rat dies!
Your rat's corpse disappears in a puff of smoke!
The cerulean imp hits you from afar with a +0 spear.
Natasha claws your bat!
Your bat dies!
Your bat's corpse disappears in a puff of smoke!
The cerulean imp hits you but does no damage.
Natasha hisses angrily.
Natasha mumbles some strange words.
Natasha shimmers violently.
Natasha claws you.
The cerulean imp hits you but does no damage.
Natasha barely misses you. The cerulean imp closely misses you.
Natasha stares at you and mumbles some strange words.
The magic dart hits you.
* * * LOW HITPOINT WARNING * * *
The cerulean imp hits you from afar with a +0 spear.
* * * LOW HITPOINT WARNING * * *
There is a stone staircase leading down, spattered with blood here.
Unknown command.
Natasha claws you.
* * * LOW HITPOINT WARNING * * *
The cerulean imp hits you but does no damage.
You climb downwards.
The cerulean imp disappears in a puff of smoke!
There is a stone staircase leading up here.
Unknown command.
You aren't carrying any items that you can evoke.
Unknown command.
Okay, then.
There's nothing to close nearby.
You aren't carrying any items that you can evoke.
Okay, then.
It was a potion of lignification.
You turn into a tree.
Your +0 pair of boots melds into your body.
Your roots penetrate the ground.
Natasha extends her claws.
Natasha claws you.
You die...
Natasha curls up and begins to purr.

###.#..#.##.....##..........
#+####......#.##.....##..........
.......#.####.##.....##..........
.......#......##.....##..........
.......#.............##..........
#####..#....#....#.#............>
#..###.....#.#.####........(.
#...#...#..#.#.# #..........
###.......#..h♣#.# #..........
#...........##.#.# #..........
#.###.###......#.# ##....#####
###.#...#.##.#####.# ###### ##
....#..............# #.
################################.
#.............................
#.################.##########.
#.##### #.# #.


You could see Natasha.

Vanquished Creatures
  3 dart slugs
  A bat (D:1)
  An endoplasm (D:2)
  A hobgoblin (D:1)
  2 jackals (D:1)
  3 ball pythons
  2 frilled lizards
  3 kobolds (D:1)
  2 rats
18 creatures vanquished.

Vanquished Creatures (collateral kills)
  Jessica (D:2)
  Natasha (D:2)
  2 adders
  2 dart slugs (D:1)
  3 bats (D:1)
  3 endoplasms
  2 giant cockroaches
  2 goblins (D:1)
  A hobgoblin (D:2)
  2 jackals (D:1)
  A quokka (D:2)
  A frilled lizard (D:1)
  A rat (D:2)
22 creatures vanquished.

Grand Total: 40 creatures vanquished

Notes
Turn   | Place    | Note
-------+----------+-------------------------------------------
     0 | D:1      | lyrin the Draconian Summoner began the quest for the Orb.
     0 | D:1      | Reached XP level 1. HP: 14/14 MP: 3/3
   119 | D:1      | Reached XP level 2. HP: 20/20 MP: 1/5
   368 | D:1      | Reached XP level 3. HP: 26/26 MP: 6/6
   717 | D:2      | Found a faded altar of an unknown god.
  1084 | D:2      | Learned a level 3 spell: Call Canine Familiar
  1234 | D:2      | Noticed Jessica
  1245 | D:2      | Killed Jessica
  1246 | D:2      | Reached skill level 1 in Ranged Weapons
  1246 | D:2      | Reached XP level 4. HP: 34/34 MP: 4/7
  1289 | D:2      | Noticed Natasha
  1305 | D:2      | Killed Natasha
  1306 | D:2      | Reached skill level 5 in Summonings
  1599 | D:2      | Noticed Natasha
  1907 | D:2      | Slain by Natasha

Illustrated notes

Levels and vault maps discovered:
D:1:      scummos_arrival_star, layout_basic
D:2:      layout_basic, ebering_ecumenical_altar_mist, hangedman_feature_mirror,
          kennysheep_generic_room_9, uniq_natasha, uniq_jessica

Skill      XL: |  1  2  3  4 |
---------------+-------------+-----
Dodging        | 2 |  2.1
Ranged Weapons | 1 |  1.7
Summonings     | 5 |  5.0
Fighting       | |  0.8
Short Blades   | |  0.1
Stealth        | |  1.7
Spellcasting   | |  2.7

Action                     |  1- 3 |  4- 6 || total
---------------------------+-------+-------++-------
  Melee: Club              |     5 |       ||     5
         Dagger            |    19 |    27 ||    46
         Tailslap          |     2 |     3 ||     5
   Fire: Sling             |    52 |       ||    52
   Cast: Summon Small Mamm |    23 |    16 ||    39
    Use: Potion            |       |     1 ||     1
   Stab: Distracted        |     1 |       ||     1
 Armour: Skin              |    46 |    40 ||    86
  Dodge: Dodged            |    58 |    36 ||    94

Table legend: (Time is in decaauts)
 A = Elapsed time spent in this place.
 B = Non-inter-level travel time spent in this place.
 C = Inter-level travel time spent in this place.
 D = Time resting spent in this place.
 E = Time spent auto-exploring this place.
 F = Levels seen in this place.
 G = Mean time per level.
                   A        B        C        D        E       F      G
               +--------+--------+--------+--------+--------+-----+--------+
         Total |   1958 |   1915 |     43 |    383 |   1053 |   2 |  979.0 |
       Dungeon |   1958 |   1915 |     43 |    383 |   1053 |   2 |  979.0 |
               +--------+--------+--------+--------+--------+-----+--------+

Top non-repeatable levels by time:
     D:1: 989 daAuts
     D:2: 968 daAuts
